 Dungeon Crawl Stone Soup version 0.27-a0-277-g024f7ef292 (webtiles) character file.

Game seed: 15167175881127953961

14666 Napalmbreeze the Grappler (level 11, -12/117 HPs)
             Began as a Troll Hunter on Feb 7, 2021.
             Was a High Priest of Makhleb.
             Mangled by a komodo dragon (22 damage)
             ... on level 2 of the Lair of Beasts.
             The game lasted 00:32:04 (11533 turns).

Napalmbreeze the Grappler (Troll Hunter)           Turns: 11533, Time: 00:32:05

Health: -12/117    AC:  7    Str: 31    XL:     11   Next: 91%
Magic:  0/13       EV: 11    Int:  7    God:    Makhleb [*****.]
Gold:   844        SH:  0    Dex: 10    Spells: 10/10 levels left

rFire    . . .     SeeInvis .     - Unarmed
rCold    + . .     Faith    .   (no shield)
rNeg     . . .     Spirit   +   G - +1 robe {rC+}
rPois    .         Reflect  .   (helmet restricted)
rElec    .         Harm     .   (no cloak)
rCorr    +         Rampage  .   (gloves unavailable)
Will     .....                  (boots unavailable)
Stlth    +.........             s - amulet of guardian spirit
HPRegen  0.69/turn              r - ring of resist corrosion
MPRegen  0.13/turn              v - +6 ring of strength

@: no status effects
A: large, unfitting armour, claws 3, regeneration 1, shaggy fur 1, tough skin 3
a: Renounce Religion, Minor Destruction, Lesser Servant of Makhleb, Major
Destruction, Greater Servant of Makhleb


You were on level 2 of the Lair of Beasts.
You worshipped Makhleb.
Makhleb was extremely pleased with you.
You visited 3 branches of the dungeon, and saw 14 of its levels.

You collected 844 gold pieces.

Inventory:

Missiles
 c - 5 large rocks
 d - 4 throwing nets
 e - 8 poisoned darts
 F - 6 javelins (quivered)
Armour
 G - a +1 robe of cold resistance (worn)
Jewellery
 o - an uncursed ring of flight
 r - a ring of resist corrosion (left claw)
 s - an amulet of guardian spirit (around neck)
 u - an uncursed amulet of the acrobat
 v - a +6 ring of strength (right claw)
Wands
 y - a wand of flame (17)
 C - a wand of paralysis (12)
 D - a wand of digging (15)
 I - a wand of random effects (18)
 J - a wand of polymorph (5)
Scrolls
 b - a scroll of enchant weapon
 g - 2 scrolls of fog
 h - 2 scrolls of magic mapping
 i - 2 scrolls of remove curse
 m - 4 scrolls of teleportation
 p - 2 scrolls of amnesia
 q - a scroll of fear
 x - a scroll of enchant armour
 B - a scroll of blinking
Potions
 a - a potion of might {unknown}
 f - 2 potions of heal wounds
 j - 4 potions of curing
 k - 2 potions of flight
 l - a potion of invisibility {unknown}
 n - 2 potions of attraction
 t - 2 potions of lignification
 w - 3 potions of brilliance
 z - a potion of haste
 A - a potion of cancellation
 E - a potion of mutation {unknown}
 K - 2 potions of ambrosia {unknown}


   Skills:
 - Level 10.0 Fighting
 + Level 5.8 Throwing
 - Level 5.0 Dodging
 - Level 0.3 Stealth
 + Level 12.2 Unarmed Combat
 - Level 5.0 Invocations


You had 10 spell levels left.
You didn't know any spells.
Your spell library contained the following spells:

 Spells                   Type           Power        Failure   Level
 Animate Skeleton         Necr           0%           43%         1
 Apportation              Tloc           0%           43%         1
 Beastly Appendage        Tmut           0%           43%         1
 Corona                   Hex            0%           43%         1
 Foxfire                  Conj/Fire      0%           43%         1
 Sting                    Tmut/Pois      0%           43%         1
 Summon Small Mammal      Summ           0%           43%         1
 Poisonous Vapours        Pois/Air       0%           56%         2
 Wereblood                Tmut           0%           56%         2
 Conjure Flame            Conj/Fire      0%           80%         3
 Ignite Poison            Fire/Tmut/Pois 0%           80%         3
 Inner Flame              Hex/Fire       0%           80%         3
 Mephitic Cloud           Conj/Pois/Air  0%           80%         3
 Spider Form              Tmut/Pois      0%           80%         3
 Ice Form                 Ice/Tmut       0%           99%         4
 Olgreb's Toxic Radiance  Pois           0%           99%         4
 Sticky Flame             Conj/Fire      0%           99%         4
 Blade Hands              Tmut           0%           100%        5
 Fireball                 Conj/Fire      0%           100%        5


Dungeon Overview and Level Annotations

Branches:
Dungeon (11/15)            Temple (1/1) D:6            Lair (2/6) D:8
 Shoals (0/4) Lair:2          Orc (0/2) D:9
  Snake: Lair:2-4    Spider: Lair:2-4

Altars:
Ashenzari
Cheibriados
Dithmenos
Elyvilon
Fedhas
Gozag
Hepliaklqana
Kikubaaqudgha
Makhleb
Nemelex Xobeh
Qazlal
Ru
Trog
Uskayaw
Wu Jian
Xom
Yredelemnul
Zin
The Shining One
Beogh

Shops:
D:6 *

Annotations:
D:8 2 transporters, Majang's ghost, novice DsIE


Innate Abilities, Weirdness & Mutations

You are too large for most types of armour.
You have claws for hands.
Your natural rate of healing is unusually fast.
You are covered in fur. (AC +1)
You have extremely tough skin. (AC +3)


Message History

Your neqoxec closely misses the komodo dragon.
A merfolk comes into view. It is wielding a +0 trident.
The merfolk shouts!
The komodo dragon hisses menacingly.
The merfolk throws a boomerang.
The boomerang hits you!!
* * * LOW HITPOINT WARNING * * *
Unknown command.
You feel much better. The komodo dragon closely misses you.
Unknown command.
Unknown command.
Okay, then.
The merfolk throws a boomerang.
The boomerang closely misses you.
Your neqoxec hits the komodo dragon but does no damage.
There is a stone staircase leading down here.
The merfolk throws a boomerang.
The boomerang closely misses you.
The merfolk throws a boomerang.
The boomerang hits you!!
* * * LOW HITPOINT WARNING * * *
The merfolk throws a boomerang.
The boomerang completely misses you. The komodo dragon bites you!!
You die...

#### ############
##..########P.##..##..####
#.........................
#.........................
##(.###.###................
#...# ####F................
##..# ##@.....[..........
#..## ##.#l...............
##...###..#3...m...........
#..........4..>........#.##
##.....................####
#...#.#..รท.4..........####
#...######.............P.#
#...# #P................
#..#######................


You could see a merfolk, a komodo dragon, a blink frog, a friendly orange demon
(summoned), a friendly hellwing (summoned) and a friendly neqoxec (summoned).

Vanquished Creatures
  A two-headed ogre (D:11)
  An unseen horror (D:11)
  2 merfolk sirens (Lair:2)
  A black mamba (Lair:1)
  A torpor snail (Lair:2)
  A cane toad (Lair:1)
  A komodo dragon (Lair:2)
  2 rime drakes
  Psyche (D:9)
  A merfolk (Lair:2)
  A blink frog (Lair:2)
  3 dream sheep (Lair:2)
  Sigmund (D:4)
  7 yaks
  2 wyverns (D:11)
  Grum (D:9)
  3 water moccasins
  Duvessa (D:7)
  6 orc warriors
  An ice beast (D:7)
  2 sky beasts
  An eye of draining (D:10)
  8 wolves
  A centaur (D:6)
  9 ogres
  2 phantoms
  A big kobold (D:7)
  9 bullfrogs
  Dowan (D:7)
  3 scorpions
  4 killer bees (D:8)
  8 wights
  An electric eel (D:8)
  3 bullfrog zombies
  A centaur zombie (D:11)
  A jelly (D:8)
  2 quasits
  16 orc priests
  7 hounds
  A bullfrog skeleton (D:7)
  5 centaur skeletons
  3 iguanas
  15 orc wizards
  8 worker ants
  4 hound zombies
  2 hound skeletons
  A howler monkey zombie (D:9)
  A worker ant zombie (D:11)
  8 gnolls
  11 adders
  A shadow imp (D:6)
  2 white imps (D:6)
  2 ufetubi
  An ooze (D:2)
  2 adder skeletons (D:9)
  3 worms
  2 dart slugs
  3 leopard geckos
  68 orcs
  2 ball pythons
  A bat skeleton (D:2)
  A bat zombie (D:2)
  5 giant cockroaches
  12 goblins
  11 hobgoblins
  4 jackals
  4 quokkas
  9 bats
  4 frilled lizards
  A giant cockroach zombie (D:2)
  A jackal skeleton (D:2)
  A jackal zombie (D:2)
  16 kobolds
  A leopard gecko zombie (D:2)
  3 quokka skeletons
  5 rats
342 creatures vanquished.

Vanquished Creatures (collateral kills)
  A two-headed ogre (D:11)
  Urug (D:11)
  A troll (D:8)
  2 blink frogs (Lair:2)
  A water moccasin (Lair:2)
  A black bear (D:8)
  An orc warrior (D:11)
  2 orc priests
  An orc wizard (D:11)
  An orc (D:11)
12 creatures vanquished.

Vanquished Creatures (others)
  A bush (Lair:2)
  5 fungi (Lair:2)
  8 plants (Lair:2)
  4 withered plants (D:2)
18 creatures vanquished.

Grand Total: 372 creatures vanquished

Notes
Turn   | Place    | Note
-------+----------+-------------------------------------------
     0 | D:1      | Napalmbreeze the Troll Hunter began the quest for the Orb.
     0 | D:1      | Reached XP level 1. HP: 19/19 MP: 0/0
   130 | D:1      | Reached XP level 2. HP: 22/28 MP: 1/1
   561 | D:1      | Reached XP level 3. HP: 35/36 MP: 2/2
  1015 | D:2      | Found an ancient bone altar of Kikubaaqudgha.
  1064 | D:2      | Reached skill level 1 in Unarmed Combat
  1195 | D:2      | Reached skill level 2 in Unarmed Combat
  1195 | D:2      | Reached XP level 4. HP: 40/45 MP: 3/3
  1371 | D:2      | Reached skill level 3 in Unarmed Combat
  1670 | D:2      | Reached XP level 5. HP: 33/53 MP: 4/4
  1854 | D:3      | Found a hide-covered altar of Uskayaw.
  1860 | D:3      | Reached skill level 4 in Unarmed Combat
  2061 | D:3      | Found a burning altar of Makhleb.
  2203 | D:3      | Became a worshipper of Makhleb the Destroyer
  2329 | D:4      | Reached skill level 5 in Unarmed Combat
  2329 | D:4      | Reached XP level 6. HP: 49/61 MP: 5/5
  2396 | D:4      | Found an opulent altar of Gozag.
  2822 | D:4      | Noticed Sigmund
  2823 | D:4      | Found a glowing golden altar of the Shining One.
  2829 | D:4      | Killed Sigmund
  2830 | D:4      | Reached skill level 6 in Unarmed Combat
  2830 | D:4      | Reached XP level 7. HP: 64/70 MP: 6/6
  3091 | D:5      | Entered Level 5 of the Dungeon
  3167 | D:5      | Reached * piety under Makhleb
  3357 | D:5      | Reached skill level 5 in Fighting
  3357 | D:5      | Reached skill level 7 in Unarmed Combat
  3598 | D:5      | Reached XP level 8. HP: 80/80 MP: 7/7
  4198 | D:5      | Found a sparkling altar of Nemelex Xobeh.
  4455 | D:6      | Reached skill level 8 in Unarmed Combat
  4563 | D:6      | Found Wutoatuk's Lightly-Used Armoury.
  4594 | D:6      | Found a staircase to the Ecumenical Temple.
  4682 | D:6      | Reached ** piety under Makhleb
  4972 | Temple   | Entered the Ecumenical Temple
  5073 | D:6      | Reached XP level 9. HP: 68/92 MP: 5/8
  5117 | D:7      | Reached skill level 1 in Invocations
  5480 | D:7      | Reached skill level 9 in Unarmed Combat
  5490 | D:7      | Reached skill level 5 in Throwing
  5726 | D:7      | Noticed Duvessa
  5726 | D:7      | Noticed Dowan
  5735 | D:7      | Killed Duvessa
  5741 | D:7      | Killed Dowan
  6369 | D:8      | Found a transporter.
  6482 | D:8      | Reached *** piety under Makhleb
  6570 | D:8      | Found a staircase to the Lair.
  6608 | D:8      | Reached XP level 10. HP: 51/102 MP: 4/12
  6913 | D:8      | Found a blossoming altar of Fedhas.
  6913 | D:8      | Found a broken altar of Ashenzari.
  6920 | D:8      | Reached skill level 10 in Unarmed Combat
  7042 | D:8      | Noticed Majang's ghost (novice DsIE)
  7044 | D:8      | Noticed a moth of wrath
  7045 | D:8      | Found a bloodstained altar of Trog.
  7066 | D:8      | Found a transporter.
  7232 | D:8      | Found a hazy altar of Hepliaklqana.
  7350 | D:8      | Found a glowing silver altar of Zin.
  7426 | D:9      | Reached skill level 5 in Invocations
  7579 | D:9      | Found a roughly hewn altar of Beogh.
  7585 | D:9      | Reached **** piety under Makhleb
  7682 | D:9      | Found a white marble altar of Elyvilon.
  7691 | D:9      | Found a stormy altar of Qazlal.
  7770 | D:9      | Found a shimmering altar of Xom.
  7785 | D:9      | Noticed Grum
  7786 | D:9      | Noticed Psyche
  7800 | D:9      | Killed Grum
  7837 | D:9      | Killed Psyche
  7891 | D:9      | Found a staircase to the Orcish Mines.
  8183 | D:10     | Entered Level 10 of the Dungeon
  8518 | D:10     | Reached ***** piety under Makhleb
  8823 | D:11     | Reached XP level 11. HP: 115/115 MP: 13/13
  8986 | D:11     | HP: 5/115 [something (7)]
  8989 | D:11     | Killed an unseen horror
  8990 | D:11     | Reached skill level 5 in Dodging
  9340 | D:11     | Noticed a two-headed ogre
  9343 | D:11     | Noticed a two-headed ogre
  9359 | D:11     | Killed a two-headed ogre
  9365 | D:11     | Killed a two-headed ogre
  9366 | D:11     | Reached skill level 10 in Fighting
  9437 | D:11     | Noticed Urug
  9453 | D:11     | Killed Urug
 10125 | D:11     | Found a bloodstained altar of Trog.
 10349 | Lair:1   | Entered Level 1 of the Lair of Beasts
 10567 | Lair:1   | Reached skill level 11 in Unarmed Combat
 11304 | Lair:2   | Found a staircase to the Shoals.
 11307 | Lair:2   | Reached skill level 12 in Unarmed Combat
 11525 | Lair:2   | HP: 2/117 [merfolk/boomerang (15)]
 11533 | Lair:2   | Mangled by a komodo dragon

Illustrated notes

Levels and vault maps discovered:
D:1:      kennysheep_arrival_seaside, layout_loops_ring, st_stairs_9,
          dk_noncrumbling_4, minmay_misc_feat_ornament
D:2:      layout_rooms, marbit_many_paths, serial_undead, serial_undead_f,
          serial_undead_c, serial_undead_c, serial_undead_b, serial_undead_e,
          serial_undead_d
D:3:      layout_rooms, overflow_temple_1_default, makhleb_heckhound_becter
D:4:      layout_loops_ring, nicolae_gozag_cash_rules_everything_around_me,
          nicolae_overflow_crystal_walls, uniq_sigmund
D:5:      layout_layer_cave, nemelex_diamond_rough_becter
D:6:      layout_rooms, minmay_temple_entry_mini_moons, st_stairs_6,
          minmay_shop_damaged, dk_vineyard_1, chequers_garden,
          minmay_misc_feat_columns
D:7:      layout_basic, kennysheep_generic_room_3, uniq_duvessa
D:8:      layout_loops_ring, gammafunk_temple_overflow_wave, kennysheep_mini,
          zin_scriptorium, erik_lair_island, gammafunk_ghost_wrathful_warriors
D:9:      lemuel_ice_spiral_2, layout_rooms, xom_teletrap_fun,
          grunt_temple_overflow_open, david_orc_2, special_room
          [special_room_orc], minmay_misc_feat_tiny, uniq_psyche, uniq_grum
D:10:     layout_roguey
D:11:     layout_roguey, serial_corexii_hall, chequers_hall_statues_y,
          chequers_hall_statues_corner_a, corexii_hall_statues_l,
          corexii_hall_statues_l, chequers_hall_statues_corner_a,
          chequers_hall_statues_wall_a, basic_altar, uniq_urug
Temple:   eino_temple_lava
Lair:1:   layout_roguey, minivault_11, grunt_megastairs_2
Lair:2:   layout_small_grid, elwin_shoals_entry_stream, uniq_gastronok,
          uniq_fannar

Skill      XL: |  1  2  3  4  5  6  7  8  9 10 11 |
---------------+----------------------------------+-----
Fighting       | 2 3 4 5 6 7 9 10 | 10.0
Unarmed Combat | 2 3 5 6 7 8 9 10 12 | 12.2
Throwing       | 4 5 |  5.8
Invocations    | 4 5 |  5.0
Dodging        | 4 5 |  5.0
Stealth        | |  0.3

Action                   |  1- 3 |  4- 6 |  7- 9 | 10-12 || total
-------------------------+-------+-------+-------+-------++-------
Melee: Short sword       |    91 |       |       |       ||    91
       Unarmed           |    37 |   250 |   294 |   426 ||  1007
       Punch             |       |     3 |    14 |    18 ||    35
Throw: Dart              |       |     5 |    30 |    18 ||    53
       Large rock        |       |       |       |     4 ||     4
       Javelin           |       |       |       |     4 ||     4
Invok: Lesser Servant of |       |       |       |     6 ||     6
  Use: Scroll            |       |     5 |     4 |    11 ||    20
       Potion            |       |       |       |     4 ||     4
 Stab: Sleeping          |     1 |     1 |       |     2 ||     4
       Distracted        |       |       |       |     1 ||     1
Armor: Robe              |    73 |   132 |    69 |   108 ||   382
Dodge: Dodged            |    76 |   127 |   101 |   188 ||   492

Table legend: (Time is in decaauts)
 A = Elapsed time spent in this place.
 B = Non-inter-level travel time spent in this place.
 C = Inter-level travel time spent in this place.
 D = Time resting spent in this place.
 E = Time spent auto-exploring this place.
 F = Levels seen in this place.
 G = Mean time per level.
                   A        B        C        D        E       F      G
               +--------+--------+--------+--------+--------+-----+--------+
         Total |  11410 |  10739 |    671 |   1049 |   6310 |  14 |  815.0 |
       Dungeon |  10235 |   9620 |    615 |    836 |   5739 |  11 |  930.5 |
        Temple |      1 |      1 |      0 |      0 |      0 |   1 |    1.0 |
          Lair |   1173 |   1117 |     56 |    213 |    571 |   2 |  586.5 |
               +--------+--------+--------+--------+--------+-----+--------+

Top non-repeatable levels by time:
    D:11: 1441 daAuts
     D:5: 1300 daAuts
     D:7: 1295 daAuts
     D:8: 1107 daAuts
     D:1: 1010 daAuts
     D:4: 857 daAuts
     D:9: 724 daAuts
  Lair:1: 681 daAuts
     D:2: 674 daAuts
     D:6: 644 daAuts
    D:10: 644 daAuts
     D:3: 534 daAuts
  Lair:2: 491 daAuts
  Temple: 1 daAuts
